 Dungeon Crawl Stone Soup version 0.27-a0-1557-g57f10a385c (webtiles) character file.

Game seed: 11246626708655912019

6362 Sin92 the Cleaver (level 10, -2/77 HPs)
             Began as a Demonspawn Fighter on July 15, 2021.
             Was a High Priest of Okawaru.
             Killed from afar by an electric eel (10 damage)
             ... with a bolt of electricity
             ... on level 10 of the Dungeon.
             The game lasted 00:13:31 (12711 turns).

Sin92 the Cleaver (Demonspawn Fighter)             Turns: 12711, Time: 00:13:32

Health: -2/77      AC: 13    Str: 20    XL:     10   Next: 65%
Magic:  15/15      EV: 12    Int:  9    God:    Okawaru [*****.]
Gold:   365        SH: 15    Dex: 15    Spells: 9/9 levels left

rFire    . . .     SeeInvis .   a - +2 war axe (flame)
rCold    . . .     Faith    .   c - +0 kite shield
rNeg     . . .     Spirit   .   f - +3 chain mail
rPois    .         Reflect  +   (no helmet)
rElec    .         Harm     .   (no cloak)
rCorr    .         Rampage  .   (no gloves)
Will     .....                  (no boots)
Stlth    ..........             p - amulet of reflection
HPRegen  0.22/turn              E - +4 ring of evasion
MPRegen  0.14/turn              (no ring)

@: no status effects
A: hooves 2, thin skeletal structure 1, demonic guardian 2
a: Renounce Religion, Heroism, Finesse


You were on level 10 of the Dungeon.
You worshipped Okawaru.
Okawaru was extremely pleased with you.
You visited 2 branches of the dungeon, and saw 11 of its levels.
You also visited: Ossuary.

You collected 365 gold pieces.

Inventory:

Hand Weapons
 a - a +2 war axe of flaming (weapon)
 C - a +4 flail of freezing
Missiles
 g - 9 atropa-tipped darts (quivered)
Armour
 b - a +0 scale mail
 c - a +0 kite shield (worn)
 f - a +3 chain mail (worn)
Jewellery
 h - an amulet of the acrobat
 n - the amulet of Tots {Spirit Dex+4}
   (You acquired it on level 3 of the Dungeon)

   [amulet of guardian spirit]

   It causes incoming damage to be divided between your reserves of health and
   magic.
   Dex:       It affects your dexterity (+4).
 p - an amulet of reflection (around neck)
 r - an amulet of faith
 u - a +6 ring of intelligence
 x - a +6 ring of intelligence
 E - a +4 ring of evasion (left hand)
Wands
 i - a wand of paralysis (8)
 s - a wand of polymorph (12)
 t - a wand of acid (4)
 v - a wand of flame (10)
 B - a wand of iceblast (5)
 D - a wand of mindburst (19)
 I - a wand of digging (7)
Scrolls
 e - a scroll of amnesia
 j - a scroll of silence {unknown}
 k - 2 scrolls of teleportation
 w - a scroll of magic mapping {unknown}
 y - a scroll of enchant armour
 A - a scroll of brand weapon
Potions
 d - 2 potions of might
 l - a potion of mutation
 m - a potion of invisibility
 o - 2 potions of brilliance
 q - 3 potions of flight
 F - a potion of haste {unknown}
 G - 2 potions of ambrosia
 H - 3 potions of curing
 J - a potion of magic


   Skills:
 + Level 6.9 Fighting
 * Level 8.2 Axes
 + Level 6.3 Armour
 + Level 5.5 Dodging
 + Level 6.3 Shields
 + Level 7.2 Invocations


You had 9 spell levels left.
You didn't know any spells.
Your spell library contained the following spells:

 Spells                   Type           Power      Damage    Failure   Level
 Animate Skeleton         Necr           0%         N/A       100%        1
 Magic Dart               Conj           0%         1d3       100%        1
 Pain                     Necr           0%         1d4       100%        1
 Call Imp                 Summ           0%         N/A       100%        2
 Mephitic Cloud           Conj/Pois/Air  0%         N/A       100%        3
 Vampiric Draining        Necr           0%         2d6       100%        3
 Cause Fear               Hex            0%         N/A       100%        4
 Dragon Form              Tmut           0%         N/A       100%        7
 Dragon's Call            Summ           0%         N/A       100%        9


Dungeon Overview and Level Annotations

Branches:
Dungeon (10/15)            Temple (1/1) D:4         Ossuary (visited)
   Lair: D:8-11         Orc: D:9-12

Altars:
Ashenzari
Cheibriados
Dithmenos
Elyvilon
Fedhas
Gozag
Hepliaklqana
Kikubaaqudgha
Makhleb
Nemelex Xobeh
Okawaru
Qazlal
Ru
Sif Muna
Trog
Uskayaw
Vehumet
Wu Jian
Xom
Yredelemnul
Zin
The Shining One

Shops:
D:6 *   D:10 (

Annotations:
D:9 2 transporters, nyamberluvr69's ghost, novice OpBe


Innate Abilities, Weirdness & Mutations

You have hoof-like feet.
You have a somewhat thin skeletal structure. (Dex +2, Stealth+)
A demonic guardian rushes to your aid.


Message History

Your hellwing hits the centaur warrior zombie. x2
The centaur warrior zombie hits you but does no damage.
The centaur warrior zombie kicks you but does no damage.
The electric eel shoots out a bolt of lightning at you!
The bolt of electricity hits you!
* * * LOW HITPOINT WARNING * * *
There is an open door here.
You slash the centaur warrior zombie! You burn the centaur warrior zombie.
Your kick misses the centaur warrior zombie.
The centaur warrior zombie is lightly damaged.
You block the centaur warrior zombie's attack.
The centaur warrior zombie kicks you but does no damage.
Your hellwing hits the centaur warrior zombie.
Your hellwing hits the centaur warrior zombie but does no damage.
You block the centaur warrior zombie's attack.
The centaur warrior zombie kicks you but does no damage.
You slash the centaur warrior zombie! You burn the centaur warrior zombie.
You kick the centaur warrior zombie.
The centaur warrior zombie is moderately damaged.
You block the centaur warrior zombie's attack.
The centaur warrior zombie closely misses you.
Your hellwing hits the centaur warrior zombie!
Your hellwing hits the centaur warrior zombie.
You slash the centaur warrior zombie! You burn the centaur warrior zombie.
The centaur warrior zombie is severely damaged.
You block the centaur warrior zombie's attack. x2
Your hellwing hits the centaur warrior zombie!
Your hellwing hits the centaur warrior zombie but does no damage.
The centaur warrior zombie hits your hellwing but does no damage.
The centaur warrior zombie kicks your hellwing but does no damage.
You hit the centaur warrior zombie. You burn the centaur warrior zombie.
You kick the centaur warrior zombie.
The centaur warrior zombie is almost destroyed.
Your hellwing hits the centaur warrior zombie.
The centaur warrior zombie is destroyed!
Okawaru is honoured by your kill.
The electric eel shoots out a bolt of lightning at you!
The bolt of electricity hits your hellwing.
The bolt of electricity hits you!
You die...

#≈≈≈≈≈;≈≈≈≈≈≈≈ #≈≈≈≈≈≈≈≈≈≈≈≈
#≈≈≈≈≈≈≈≈≈≈≈ #;≈.;≈≈≈≈≈####
###.#..≈≈≈≈#... ###
+.......≈≈.... ... #
###4########.# ...
#...###'########.# ##.
#....@........# #..
#......)......# ###..
#.≈≈#.#......).)....#.##....
≈≈≈≈.#.............#.......
≈≈≈≈..............#######.
≈≈≈≈.............#.......
≈≈≈≈.............#.#####.
≈≈≈.############.#.≈####.
#.# ###### #.#≈†≈....


You could see an electric eel (ally target) and a friendly hellwing (summoned).

Vanquished Creatures
  A gargoyle (D:10)
  6 yaks (D:10)
  2 wyverns
  3 water moccasins
  3 orc warriors
  An ice beast (D:6)
  3 sky beasts (D:6)
  3 centaurs
  2 phantoms (D:7)
  3 kobold brigands (D:7)
  4 bullfrogs
  A water moccasin zombie (D:6)
  A wyvern zombie (D:8)
  A water moccasin skeleton (D:5)
  14 killer bees
  2 electric eels (D:10)
  11 wights
  3 howler monkeys
  A bullfrog zombie (D:7)
  2 jellies (D:5)
  3 iron imps (D:3)
  3 centaur zombies
  A gnoll shaman (D:5)
  4 human zombies (Ossuary)
  3 orc priests
  7 iguanas
  4 orc wizards
  A killer bee zombie (D:8)
  2 hound skeletons (D:4)
  2 mummies (Ossuary)
  2 howler monkey zombies
  A howler monkey skeleton (D:7)
  9 adders
  A white imp (D:4)
  3 ufetubi
  3 adder zombies (Ossuary)
  An adder skeleton (D:4)
  A worm (D:3)
  A dart slug (D:4)
  13 orcs
  5 bats
  7 endoplasms
  5 giant cockroaches
  9 goblins
  3 hobgoblins
  13 jackals
  18 kobolds
  A quokka (D:3)
  2 ball pythons (D:1)
  A frilled lizard (D:2)
  A goblin zombie (Ossuary)
  11 hobgoblin zombies (Ossuary)
  A jackal zombie (Ossuary)
  11 kobold zombies (Ossuary)
  5 orc zombies (Ossuary)
  2 rats
227 creatures vanquished.

Vanquished Creatures (collateral kills)
  A centaur zombie (D:10)
  A killer bee (D:9)
  An iguana (D:4)
  2 orcs
  2 kobolds (D:7)
7 creatures vanquished.

Grand Total: 234 creatures vanquished

Notes
Turn   | Place    | Note
-------+----------+-------------------------------------------
     0 | D:1      | Sin92 the Demonspawn Fighter began the quest for the Orb.
     0 | D:1      | Reached XP level 1. HP: 18/18 MP: 1/1
   306 | D:1      | Reached skill level 2 in Axes
   397 | D:1      | Gained mutation: A weak demonic guardian rushes to your
                  | aid. [demonic ancestry]
   397 | D:1      | Reached XP level 2. HP: 16/24 MP: 2/2
  1345 | D:2      | Gained mutation: You have large cloven feet. [demonic
                  | ancestry]
  1345 | D:2      | Reached XP level 3. HP: 29/29 MP: 3/3
  1954 | D:3      | Reached skill level 1 in Dodging
  1955 | D:3      | Reached XP level 4. HP: 7/35 MP: 4/4
  2526 | D:3      | Identified a scroll of acquirement
  2526 | D:3      | Acquired the amulet of Tots {Spirit Dex+4}
  2533 | D:3      | Found a burning altar of Makhleb.
  2556 | D:3      | Reached skill level 3 in Axes
  2556 | D:3      | Reached XP level 5. HP: 12/42 MP: 5/5
  3625 | D:4      | Reached XP level 6. HP: 48/48 MP: 6/6
  4368 | D:4      | Found a staircase to the Ecumenical Temple.
  4383 | Temple   | Entered the Ecumenical Temple
  4688 | Temple   | Became a worshipper of Warmaster Okawaru
  4791 | D:5      | Entered Level 5 of the Dungeon
  5133 | D:5      | Reached skill level 4 in Axes
  5133 | D:5      | Reached skill level 1 in Invocations
  5183 | D:5      | Gained mutation: You have a somewhat thin skeletal
                  | structure. (Dex +2, Stealth+) [demonic ancestry]
  5183 | D:5      | Reached XP level 7. HP: 47/54 MP: 7/7
  6021 | D:6      | Reached * piety under Okawaru
  6196 | D:6      | Gained mutation: You have hoof-like feet. [demonic
                  | ancestry]
  6196 | D:6      | Reached XP level 8. HP: 14/61 MP: 10/10
  6464 | D:6      | Reached skill level 5 in Axes
  6512 | D:6      | Reached ** piety under Okawaru
  6833 | D:6      | Reached skill level 5 in Fighting
  7017 | D:6      | Found Alumaon's General Store.
  7406 | D:7      | Found a sand-covered staircase.
  7439 | Ossuary  | Entered an ossuary
  7832 | D:7      | HP: 2/62 [orc warrior (3)]
  8276 | D:7      | Reached skill level 6 in Axes
  8276 | D:7      | Reached skill level 5 in Shields
  8276 | D:7      | Gained mutation: A demonic guardian rushes to your aid.
                  | [demonic ancestry]
  8276 | D:7      | Reached XP level 9. HP: 42/68 MP: 12/12
  8287 | D:7      | Reached skill level 5 in Armour
  8547 | D:7      | Reached *** piety under Okawaru
  8856 | D:7      | Reached skill level 5 in Invocations
  9517 | D:8      | Reached skill level 7 in Axes
  9735 | D:8      | Reached **** piety under Okawaru
 10560 | D:9      | Reached XP level 10. HP: 32/76 MP: 14/14
 10854 | D:9      | Reached skill level 5 in Dodging
 11131 | D:9      | Found a transporter.
 11131 | D:9      | Found a transporter.
 11136 | D:9      | Noticed nyamberluvr69's ghost (novice OpBe)
 11544 | D:10     | Entered Level 10 of the Dungeon
 11567 | D:10     | Reached ***** piety under Okawaru
 11571 | D:10     | Reached skill level 8 in Axes
 11651 | D:10     | Found Ytram's Antique Weapon Shop.
 11719 | D:10     | HP: 3/77 [electric eel/bolt of electricity (11)]
 12216 | D:10     | Noticed a gargoyle
 12233 | D:10     | Killed a gargoyle
 12711 | D:10     | Killed from afar by an electric eel

Illustrated notes

Levels and vault maps discovered:
D:1:      doesnt_arrival_eight_statues, layout_basic
D:2:      layout_basic
D:3:      layout_basic, demons_altar
D:4:      layout_basic, minmay_temple_entry_fiery
D:5:      layout_cave_pools, kennysheep_opposing_triangles
D:6:      layout_rooms, serial_shops, nicolae_shop_behind_doors
D:7:      layout_loops_ring, lightli_ossuary_entry_decrepit_ruins
D:8:      layout_rooms, serial_rivers, chequers_serial_rivers_small_3,
          chequers_serial_rivers_room_a, chequers_serial_rivers_room_b,
          chequers_serial_rivers_room_a
D:9:      layout_basic, gammafunk_ghost_hive
D:10:     layout_basic, erik_lair_dragon, serial_shops, shop_fountains
Temple:   kilobyte_greek_temple

Skill      XL: |  1  2  3  4  5  6  7  8  9 10 |
---------------+-------------------------------+-----
Axes           | 2 3 4 6 7 8 |  8.2
Armour         | 3 4 5 6 |  6.3
Dodging        | 1 2 3 4 5 |  5.5
Shields        | 3 4 5 6 |  6.3
Fighting       | 4 5 6 |  6.9
Invocations    | 1 3 4 6 7 |  7.2

Action                   |  1- 3 |  4- 6 |  7- 9 | 10-12 || total
-------------------------+-------+-------+-------+-------++-------
Melee: War axe           |    74 |   140 |   373 |    86 ||   673
       Kick              |     7 |    31 |   105 |    30 ||   173
Invok: Finesse           |       |       |       |     1 ||     1
  Use: Scroll            |       |     5 |    11 |     2 ||    18
       Potion            |       |       |    12 |     1 ||    13
 Stab: Distracted        |       |     1 |     1 |       ||     2
       Invisible         |       |       |     1 |       ||     1
Armor: Scale mail        |    55 |    50 |     8 |       ||   113
       Chain mail        |       |       |   118 |    30 ||   148
Dodge: Dodged            |    31 |    44 |    93 |    35 ||   203
Block: Kite shield       |    62 |   115 |   321 |    61 ||   559
       Reflection        |       |     2 |     9 |     3 ||    14

Table legend: (Time is in decaauts)
 A = Elapsed time spent in this place.
 B = Non-inter-level travel time spent in this place.
 C = Inter-level travel time spent in this place.
 D = Time resting spent in this place.
 E = Time spent auto-exploring this place.
 F = Levels seen in this place.
 G = Mean time per level.
                   A        B        C        D        E       F      G
               +--------+--------+--------+--------+--------+-----+--------+
         Total |  13030 |  12602 |    428 |   2484 |   8264 |  12 | 1085.8 |
       Dungeon |  12285 |  11890 |    395 |   2484 |   7744 |  10 | 1228.5 |
        Temple |    339 |    306 |     33 |      0 |    300 |   1 |  339.0 |
       Ossuary |    404 |    404 |      0 |      0 |    220 |   1 |  404.0 |
               +--------+--------+--------+--------+--------+-----+--------+

Top non-repeatable levels by time:
     D:7: 1497 daAuts
     D:3: 1477 daAuts
     D:6: 1396 daAuts
     D:1: 1371 daAuts
     D:8: 1300 daAuts
     D:5: 1256 daAuts
    D:10: 1186 daAuts
     D:9: 1094 daAuts
     D:4: 1083 daAuts
     D:2: 621 daAuts
 Ossuary: 404 daAuts
  Temple: 339 daAuts
